 Dungeon Crawl Stone Soup version 0.28.0-53-g5a82cb258f (webtiles) character file.

Game seed: 5741458796640447699

91 Barsook the Chopper (level 4, -4/40 HPs)
             Began as a Hill Orc Monk on June 21, 2022.
             Splashed by a jelly's acid (8 damage)
             ... on level 3 of the Dungeon.
             The game lasted 00:03:19 (2973 turns).

Barsook the Chopper (Hill Orc Monk)                 Turns: 2973, Time: 00:03:21

Health: -4/40      AC:  1    Str: 15    XL:     4   Next: 59%
Magic:  4/4        EV:  7    Int: 10    God:
Gold:   96         SH:  0    Dex: 13    Spells: 3/3 levels left

rFire   . . .      SeeInvis .   a - +0 hand axe
rCold   . . .      Faith    .   (no shield)
rNeg    . . .      Spirit   .   c - +0 chain mail
rPois   .          Reflect  .   (no helmet)
rElec   .          Harm     .   d - +0 cloak
rCorr   .          Rampage  .   (no gloves)
Will    .....                   (no boots)
Stlth   ..........              (no amulet)
HPRegen 0.13/turn               (no ring)
MPRegen 0.09/turn               (no ring)

@: corroded
A: no striking features
a: no special abilities


You were on level 3 of the Dungeon.
You visited 1 branch of the dungeon, and saw 3 of its levels.

You collected 96 gold pieces.

Inventory:

Hand Weapons
 a - a +0 hand axe (weapon)
Armour
 c - a +0 chain mail (worn)
 d - a +0 cloak (worn)
Jewellery
 b - a ring of fire
Scrolls
 e - a scroll of teleportation
 h - a scroll of immolation


   Skills:
 + Level 4.1 Fighting
 + Level 5.4 Axes
 + Level 1.4 Armour
 + Level 2.9 Dodging
 + Level 1.7 Stealth


You had 3 spell levels left.
You didn't know any spells.
Your spell library contained the following spells:

 Spells                   Type           Power      Damage    Failure   Level
 Slow                     Hex            0%         N/A       100%        1
 Static Discharge         Conj/Air       0%         N/A       100%        2
 Confusing Touch          Hex            0%         N/A       100%        3
 Vampiric Draining        Necr           0%         2d6       100%        3
 Petrify                  Tmut/Erth      0%         N/A       100%        4
 Lightning Bolt           Conj/Air       0%         1d11      100%        5
 Metabolic Englaciation   Hex/Ice        0%         N/A       100%        5
 Statue Form              Tmut/Erth      0%         N/A       100%        6
 Maxwell's Capacitive Co  Air            0%         ∞         100%        8


Dungeon Overview and Level Annotations

Branches:
Dungeon (3/15)

Altars:
The Shining One


Message History

You open the large door.
There is a large open door here.
You open the door.
Found a leather armour.
There is an open door here.
You open the door.
There is an open door here.
A jelly comes into view.
Found a stone staircase leading up.
The jelly quivers.
You hit the jelly. The acid corrodes you!
Your hands burn!
The jelly is moderately wounded.
The jelly barely misses you.
You hit the jelly but do no damage.
Your hands burn!
The jelly is moderately wounded.
The jelly hits you.
You are splashed with acid!
You hit the jelly but do no damage.
Your hands burn!
The jelly is moderately wounded.
The jelly hits you but does no damage.
You hit the jelly.
Your hands burn!
The jelly is heavily wounded.
The jelly hits you but does no damage.
You hit the jelly.
Your hands burn!
The jelly is severely wounded.
The jelly hits you but does no damage.
You hit the jelly.
Your hands burn!
* * * LOW HITPOINT WARNING * * *
The jelly is almost dead.
The jelly hits you but does no damage.
You hit the jelly.
Your hands burn!
* * * LOW HITPOINT WARNING * * *
The jelly is almost dead.
The jelly hits you but does no damage.
You hit the jelly but do no damage.
Your hands burn!
* * * LOW HITPOINT WARNING * * *
The jelly is almost dead.
The jelly hits you.
* * * LOW HITPOINT WARNING * * *
The acid corrodes you!
You are splashed with acid!
You die...

###############
#.............#
#.###########.#
#.# ........#.#
#.# #<......#.#
#.# #.....J@#.#
#.# #.#.#.#.#.#
#.# # #.#.####
#.# #......#
#.# #......#
#.# #......#
#.# ........#
#.# ###.#.####
## #.# ..... ..


You could see a jelly.

Vanquished Creatures
  3 adders (D:2)
  A shadow imp (D:3)
  2 worms
  2 dart slugs
  7 bats
  5 endoplasms
  3 giant cockroaches
  6 goblins
  A hobgoblin (D:2)
  5 kobolds
  2 quokkas
  2 ball pythons
  5 frilled lizards
  4 rats
48 creatures vanquished.

Notes
Turn   | Place    | Note
-------+----------+-------------------------------------------
     0 | D:1      | Barsook the Hill Orc Monk began the quest for the Orb.
     0 | D:1      | Reached XP level 1. HP: 19/19 MP: 1/1
   454 | D:1      | Reached XP level 2. HP: 24/27 MP: 2/2
  1228 | D:2      | Reached XP level 3. HP: 16/33 MP: 3/3
  1762 | D:2      | Found a glowing golden altar of the Shining One.
  1805 | D:2      | Reached skill level 1 in Armour
  1960 | D:2      | Reached skill level 5 in Axes
  2149 | D:2      | Reached XP level 4. HP: 40/40 MP: 4/4
  2973 | D:3      | Splashed by a jelly's acid

Illustrated notes

Levels and vault maps discovered:
D:1:      minmay_arrival_split_and_join, layout_basic, bh_walls_and_bars
D:2:      layout_loops_ring, basic_altar, nrook_mini_backslash,
          minmay_misc_feat_enclosed
D:3:      layout_basic

Skill      XL: |  1  2  3 |
---------------+----------+-----
Fighting       | 4 |  4.1
Armour         | 1 |  1.4
Axes           | 5 |  5.4
Dodging        | |  2.9
Stealth        | |  1.7

Action                   |  1- 3 |  4- 6 || total
-------------------------+-------+-------++-------
Melee: Hand axe          |   145 |    56 ||   201
       Punch             |       |     3 ||     3
  Use: Scroll            |     4 |     1 ||     5
       Potion            |       |     1 ||     1
Armor: Chain mail        |   101 |    27 ||   128
       Robe              |    11 |       ||    11
Dodge: Dodged            |    83 |    17 ||   100
